 Dungeon Crawl Stone Soup version 0.30-a0-368-g86fb4627a9 (webtiles) character file.

Game seed: 10140953586205860806

2242 Juicyj the Spear-Bearer (level 9, -1/78 HPs)
             Began as a Minotaur Monk on Oct 27, 2022.
             Slain by an orc knight
             ... wielding a +2 battleaxe
              (13 damage)
             ... on level 8 of the Dungeon on Nov 18, 2022.
             The game lasted 00:11:14 (6029 turns).

Juicyj the Spear-Bearer (Minotaur Monk)             Turns: 6029, Time: 00:11:14

Health: -1/78      AC:  8    Str: 16    XL:     9   Next: 14%
Magic:  8/8        EV: 19    Int:  7    God:
Gold:   277        SH:  0    Dex: 17    Spells: 8/8 levels left

rFire   . . .      SeeInvis .    a - +0 spear
rCold   . . .      Faith    .    (no shield)
rNeg    . . .      Spirit   .    b - +0 robe
rPois   +          Reflect  .    (helmet restricted)
rElec   .          Harm     .    (no cloak)
rCorr   .          Rampage  .    h - +2 pair of gloves
Will    .....                    H - +2 pair of boots
Stlth   +++.......               m - amulet of the acrobat
HPRegen 0.33/turn                s - +4 ring of evasion
MPRegen 0.11/turn                j - ring of poison resistance

@: mighty
A: horns 2, retaliatory headbutt
a: no special abilities


You were on level 8 of the Dungeon.
You visited 1 branch of the dungeon, and saw 8 of its levels.
You also visited: Ossuary.

You collected 277 gold pieces.

Inventory:

Hand Weapons
 a - a +0 spear (weapon)
Missiles
 w - 27 poisoned darts (quivered)
Armour
 b - a +0 robe (worn)
 h - a +2 pair of gloves (worn)
 H - a +2 pair of boots (worn)
Jewellery
 d - a ring of flight
 e - an amulet of reflection
 g - a ring of ice
 i - a +6 ring of intelligence
 j - a ring of poison resistance (right hand)
 l - a +6 ring of strength
 m - an amulet of the acrobat (around neck)
 s - a +4 ring of evasion (left hand)
 F - an amulet of faith
Wands
 E - a wand of mindburst (5)
Scrolls
 f - a scroll of fear {unknown}
 n - 3 scrolls of identify {unknown}
 o - 2 scrolls of teleportation {unknown}
 r - a scroll of blinking {unknown}
 t - 4 scrolls of vulnerability {unknown}
 u - 2 scrolls of poison
 x - a scroll of amnesia {unknown}
 y - a scroll of enchant weapon {unknown}
 C - 2 scrolls of noise {unknown}
Potions
 c - a potion of ambrosia
 k - a potion of attraction
 p - 3 potions of mutation {unknown}
 q - 4 potions of brilliance {unknown}
 v - a potion of invisibility {unknown}
 z - a potion of cancellation {unknown}
 A - 2 potions of magic {unknown}
 B - 3 potions of curing {unknown}
 D - a potion of resistance {unknown}


   Skills:
 + Level 6.8 Fighting
 + Level 9.7 Polearms
 + Level 1.0 Throwing
 + Level 6.0 Dodging
 + Level 6.2 Stealth
 + Level 0.5 Evocations


You had 8 spell levels left.
You didn't know any spells.
Your spell library contained the following spells:

 Spells                   Type           Power      Damage    Failure   Level
 Necrotise                Necr           0%         1d4       43%         1
 Ensorcelled Hibernation  Hex/Ice        0%         N/A       56%         2
 Passwall                 Tmut/Erth      0%         N/A       56%         2
 Dazzling Flash           Conj/Hex       0%         N/A       80%         3
 Gell's Gravitas          Tloc           0%         N/A       80%         3
 Lesser Beckoning         Tloc           0%         N/A       80%         3
 Stone Arrow              Conj/Erth      0%         3d7       80%         3
 Swiftness                Air            0%         N/A       80%         3
 Teleport Other           Tloc           0%         N/A       80%         3
 Vampiric Draining        Necr           0%         2d6       80%         3
 Animate Armour           Summ/Erth      0%         N/A       99%         4
 Iskenderun's Mystic Bla  Conj/Tloc      0%         2d3       99%         4
 Agony                    Necr           0%         N/A       100%        5
 Blade Hands              Tmut           0%         N/A       100%        5
 Iron Shot                Conj/Erth      0%         9d1       100%        6
 Starburst                Conj/Fire      0%         6d3       100%        6
 Lehudib's Crystal Spear  Conj/Erth      0%         10d2      100%        8


Dungeon Overview and Level Annotations

Branches:
Dungeon (8/15)            Ossuary (visited)
 Temple: D:4-7         Lair: D:8-11

Altars:
Gozag
Hepliaklqana
Makhleb
Okawaru
Ru
Wu Jian


Innate Abilities, Weirdness & Mutations

You have a pair of horns on your head.
You reflexively headbutt those who attack you in melee.


Message History

You completely miss the ogre. You headbutt the ogre!
The ogre is heavily wounded.
The ogre closely misses you.
You hit the ogre but do no damage. You headbutt the ogre!
The ogre is severely wounded.
You hit the ogre but do no damage. You headbutt the ogre.
You kill the ogre!
The orc priest miscasts a cantrip.
Your Dodging skill increases to level 6!
You hit the orc knight but do no damage.
You headbutt the orc knight, but do no damage.
The orc knight is lightly wounded.
The orc knight unwields a +0 arbalest.
The orc knight wields a +2 battleaxe.
The orc knight hits you with a +2 battleaxe!
You are too injured to fight recklessly!
You feel very mighty all of a sudden.
You hit the orc knight but do no damage.
The orc knight is lightly wounded.
You puncture the orc knight! You headbutt the orc knight!
The orc knight is moderately wounded.
The orc knight barely misses you.
You puncture the orc knight!
The orc knight is heavily wounded.
The orc priest hits you but does no damage.
You hit the orc knight but do no damage.
The orc knight is heavily wounded.
The orc knight hits you with a +2 battleaxe!!
* * * LOW HITPOINT WARNING * * *
You closely miss the orc knight. You headbutt the orc knight!
The orc knight is severely wounded.
The orc priest hits you with a +0 hand axe.
* * * LOW HITPOINT WARNING * * *
You closely miss the orc knight.
The orc knight is severely wounded.
The orc knight misses you.
You barely miss the orc knight.
The orc knight is severely wounded.
The orc priest looks satisfied for a moment.
The orc knight hits you with a +2 battleaxe!
You die...

### ..# # #.# #)#(# #.# .#
#.....#.###..# #.....o@....#
#..###.. #.....#o#####
##....... #(#[# #.#
##........ #.#######.#
###.........
#.........#####...........
..#####'#####..............#
#..............##...........
................#...........
......<.......##...#..##....


You could see an orc knight and an orc priest (strong).

Vanquished Creatures
  4 yaks (D:6)
  A steam dragon (D:7)
  Eustachio (D:6)
  Menkaure (D:4)
  A water moccasin (D:8)
  3 ogres
  3 kobold brigands
  A necrophage (D:5)
  A scorpion (D:5)
  2 hounds (D:6)
  3 iguanas
  3 orc wizards
  11 mummies (Ossuary)
  Robin (D:3)
  6 gnolls
  5 adders
  6 worms
  2 dart slugs
  11 orcs
  9 ball pythons
  6 bats
  5 endoplasms
  6 giant cockroaches
  13 goblins
  8 hobgoblins
  8 jackals (D:2)
  8 kobolds
  5 quokkas
  3 frilled lizards
  2 gnoll skeletons (Ossuary)
  2 goblin skeletons (Ossuary)
  2 kobold skeletons (Ossuary)
  2 orc skeletons (Ossuary)
  A rat (D:2)
  11 rat skeletons (Ossuary)
157 creatures vanquished.

Vanquished Creatures (others)
  2 kobolds (D:8)
  20 plants (D:8)
22 creatures vanquished.

Grand Total: 179 creatures vanquished

Notes
Turn   | Place    | Note
-------+----------+-------------------------------------------
     0 | D:1      | Juicyj the Minotaur Monk began the quest for the Orb.
     0 | D:1      | Reached XP level 1. HP: 19/19 MP: 0/0
   218 | D:1      | Reached XP level 2. HP: 27/27 MP: 1/1
   710 | D:1      | Reached skill level 4 in Polearms
  1117 | D:2      | Found a sacrificial altar of Ru.
  1230 | D:2      | Reached XP level 3. HP: 32/33 MP: 2/2
  1329 | D:2      | Found a faded altar of an unknown god.
  1615 | D:2      | Reached XP level 4. HP: 41/41 MP: 3/3
  2543 | D:3      | Reached XP level 5. HP: 45/47 MP: 4/4
  2560 | D:3      | Found an ornate altar of the Wu Jian Council.
  2564 | D:3      | Found a hazy altar of Hepliaklqana.
  2698 | D:3      | Noticed Robin
  2708 | D:3      | Killed Robin
  2709 | D:3      | Reached skill level 5 in Polearms
  2720 | D:3      | Upgraded the game from 0.30-a0-322-g102857c98e to
                  | 0.30-a0-368-g86fb4627a9
  2887 | D:4      | Noticed an ogre
  2904 | D:4      | Killed an ogre
  2905 | D:4      | Reached XP level 6. HP: 19/55 MP: 5/5
  3061 | D:4      | Reached skill level 5 in Fighting
  3162 | D:4      | Reached skill level 6 in Polearms
  3193 | D:4      | Noticed Menkaure
  3208 | D:4      | Killed Menkaure
  3209 | D:4      | Reached XP level 7. HP: 56/61 MP: 6/6
  3441 | D:4      | Found an opulent altar of Gozag.
  3547 | D:5      | Entered Level 5 of the Dungeon
  3841 | D:5      | Found a sand-covered staircase.
  3863 | Ossuary  | Entered an ossuary
  3891 | Ossuary  | Reached skill level 5 in Dodging
  3912 | Ossuary  | Reached skill level 7 in Polearms
  4045 | Ossuary  | Reached skill level 1 in Throwing
  4731 | D:6      | Noticed a yak
  4732 | D:6      | Noticed a yak
  4733 | D:6      | Noticed a yak
  4734 | D:6      | Noticed a yak
  4750 | D:6      | Killed a yak
  4751 | D:6      | Reached XP level 8. HP: 67/69 MP: 7/7
  4758 | D:6      | Reached skill level 8 in Polearms
  4758 | D:6      | Reached skill level 5 in Stealth
  5026 | D:6      | Noticed Eustachio
  5054 | D:6      | Killed Eustachio
  5055 | D:6      | Reached skill level 9 in Polearms
  5230 | D:6      | You fall into a shaft and drop 1 floor!
  5230 | D:7      | Found a burning altar of Makhleb.
  5230 | D:7      | Found an iron altar of Okawaru.
  5598 | D:7      | Reached XP level 9. HP: 56/78 MP: 8/8
  5613 | D:7      | HP: 3/78 [steam dragon (5)]
  6009 | D:8      | Noticed an orc knight
  6029 | D:8      | Slain by an orc knight

Illustrated notes

Levels and vault maps discovered:
D:1:      minmay_arrival_diagonal_passages, layout_basic, st_stairs_9,
          serial_bayou_pond_a
D:2:      layout_basic, hellmonk_ecumenical_altar_zigzags, basic_altar
D:3:      layout_loops_ring, chequers_temple_overflow_statue_of_worship,
          minmay_pentomino_pile, uniq_robin
D:4:      layout_cave_pools, mainiacjoe_overflow_brackets, uniq_menkaure
D:5:      layout_gridville, nicolae_ossuary_entry_monument,
          serial_bayou_lagoon_a, nicolae_wormholes
D:6:      kennysheep_six_static_rooms, layout_loops_ring, serial_shops,
          nicolae_shop_hallway_stairs, dreamdust_gnoll_farm, uniq_eustachio
D:7:      layout_loops_ring, kennysheep_little_box,
          nicolae_overflow_hidden_temple, tgw_sif, old_standard_altar,
          minmay_temple_entry_mini_moons, minmay_misc_feat_more_columns,
          patterned_corridor
D:8:      minmay_the_grid_plus_closed [minmay_the_grid_expand,
          minmay_the_grid_empty, minmay_the_grid_gridbox,
          minmay_the_grid_armoury, minmay_the_grid_prize_shrinking_boxes],
          layout_cave_pools, nicolae_uskayaw_murder_on_the_dancefloor,
          lemuel_crystal_altar, david_lair_generic, serial_bayou,
          serial_bayou_pond_b, serial_bayou_shore_b, serial_bayou_ford_a,
          serial_bayou_shore_b, serial_bayou_pond_c, serial_bayou_pond_d,
          uniq_prince_ribbit1

Skill      XL: |  1  2  3  4  5  6  7  8  9 |
---------------+----------------------------+-----
Fighting       | 4 5 6 |  6.8
Polearms       | 4 5 6 7 9 |  9.7
Stealth        | 2 3 4 6 |  6.2
Dodging        | 4 5 6 |  6.0
Throwing       | 1 |  1.0
Evocations     | |  0.5

Action                   |  1- 3 |  4- 6 |  7- 9 || total
-------------------------+-------+-------+-------++-------
Melee: Spear             |   112 |   151 |   367 ||   630
       Headbutt          |    15 |    20 |    86 ||   121
       Punch             |     1 |     2 |     6 ||     9
Throw: Dart              |       |       |     9 ||     9
Evoke: Wand              |       |       |     5 ||     5
  Use: Potion            |     3 |     2 |     2 ||     7
       Scroll            |     1 |       |       ||     1
 Stab: Sleeping          |     5 |     4 |    16 ||    25
       Distracted        |       |     1 |       ||     1
Armor: Robe              |    16 |    12 |    16 ||    44
Dodge: Dodged            |    65 |    74 |   156 ||   295

Table legend: (Time is in decaauts)
 A = Elapsed time spent in this place.
 B = Non-inter-level travel time spent in this place.
 C = Inter-level travel time spent in this place.
 D = Time resting spent in this place.
 E = Time spent auto-exploring this place.
 F = Levels seen in this place.
 G = Mean time per level.
                   A        B        C        D        E       F      G
               +--------+--------+--------+--------+--------+-----+--------+
         Total |   5906 |   5744 |    162 |   1084 |   3536 |   9 |  656.2 |
       Dungeon |   5500 |   5338 |    162 |   1084 |   3349 |   8 |  687.5 |
       Ossuary |    405 |    405 |      0 |      0 |    187 |   1 |  405.0 |
               +--------+--------+--------+--------+--------+-----+--------+

Top non-repeatable levels by time:
     D:2: 1097 daAuts
     D:1: 1068 daAuts
     D:3: 840 daAuts
     D:5: 752 daAuts
     D:7: 657 daAuts
     D:4: 511 daAuts
     D:6: 451 daAuts
 Ossuary: 405 daAuts
     D:8: 121 daAuts
